 Dungeon Crawl Stone Soup version 0.30-a0-956-gcec3b41aec (webtiles) character file.

Game seed: 12938911983431836525

212 GloriousHammer the Ruffian (level 5, -1/53 HPs)
             Began as a Troll Fighter on Mar 29, 2023.
             Slain by Ijyb
             ... wielding a +0 club
              (4 damage)
             ... on level 4 of the Dungeon.
             The game lasted 00:05:13 (2262 turns).

GloriousHammer the Ruffian (Troll Fighter)          Turns: 2262, Time: 00:05:14

Health: -1/53      AC:  4    Str: 24    XL:     5   Next: 58%
Magic:  4/4        EV:  8    Int:  6    God:
Gold:   199        SH:  8    Dex:  9    Spells: 4/4 levels left

rFire   . . .      SeeInvis .      - Unarmed
rCold   . . .      Faith    .    b - +0 kite shield
rNeg    . . .      Spirit   .    a - +0 robe
rPois   .          Reflect  .    (helmet restricted)
rElec   .          Rampage  .    m - scarf {repulsion}
rCorr   .                        (gloves unavailable)
Will    .....                    (boots unavailable)
Stlth   +                        (no amulet)
HPRegen 1.08/turn                (no ring)
MPRegen 0.09/turn                (no ring)

@: mighty, repel missiles
A: large, unfitting armour, claws 3, regeneration 1, shaggy fur 1, tough skin 1
a: no special abilities


You were on level 4 of the Dungeon.
You visited 1 branch of the dungeon, and saw 4 of its levels.

You collected 199 gold pieces.

Inventory:

Missiles
 e - 18 stones (quivered)
 o - 5 poisoned darts
 r - 2 throwing nets
 u - 2 silver javelins
Armour
 a - a +0 robe (worn)
 b - a +0 kite shield (worn)
 m - a scarf of repulsion (worn)
Jewellery
 v - a ring of see invisible
Scrolls
 g - 5 scrolls of identify {unknown}
 j - 2 scrolls of blinking {unknown}
 n - 2 scrolls of teleportation {unknown}
 s - 3 scrolls of amnesia {unknown}
 x - a scroll of brand weapon {unknown}
 y - a scroll of noise {unknown}
 z - a scroll of poison {unknown}
 A - a scroll of magic mapping {unknown}
Potions
 c - a potion of might
 d - a potion of haste {unknown}
 f - 2 potions of curing {unknown}
 h - 2 potions of berserk rage {unknown}
 i - a potion of resistance {unknown}
 k - a potion of brilliance {unknown}
 l - a potion of flight {unknown}
 p - a potion of ambrosia {unknown}
 q - a potion of mutation {unknown}
 t - a potion of degeneration {unknown}
 w - a potion of lignification {unknown}


   Skills:
 + Level 3.3 Fighting
 - Level 2.4 Dodging
 + Level 3.6 Shields
 * Level 4.4 Unarmed Combat


You had 4 spell levels left.
You didn't know any spells.
Your spell library was empty.

Dungeon Overview and Level Annotations

Branches:
Dungeon (4/15)
 Temple: D:4-7

Altars:

Shops:
D:2 [(*=

Annotations:
D:4 Ijyb, Robin


Innate Abilities, Weirdness & Mutations

You are too large for most types of armour.
You have claws for hands.
Your natural rate of healing is unusually fast.
You are covered in fur. (AC +1)
You have tough skin. (AC +1)


Message History

Robin is wielding a +2 spear of freezing.
Found 13 gold pieces.
The hobgoblin shouts!
Robin shouts!
The goblin shouts!
Robin throws the goblin at you!
A hobgoblin comes into view.
Ijyb the Twisted Goblin comes into view.
She is wielding a +0 club, wearing a +3 ring mail of fire resistance and carrying a wand of quicksilver (3).
A goblin comes into view. It is wielding a +0 club.
A goblin and a hobgoblin come into view.
Ijyb shouts!
The goblin shouts!
The goblin closely misses you. Robin throws the goblin at you!
The goblin shouts!
You claw the goblin!
You kill the goblin!
You block the goblin's attack.
Robin roars a battlecry!
The goblins go into a battle-frenzy!
You scratch the goblin.
The goblin is moderately wounded.
The goblin hits you with a +0 dagger.
You barely miss the goblin.
The goblin is moderately wounded.
You block the goblin's attack. The goblin hits you with a +0 dagger.
You scratch the goblin.
You kill the goblin!
You claw the hobgoblin!
You kill the hobgoblin!
You block the goblin's attack. Robin throws Ijyb at you!
You block Ijyb's attack.
You barely miss the goblin. You block the goblin's attack.
You block the hobgoblin's attack. Ijyb barely misses you.
You closely miss Ijyb. You block the hobgoblin's attack.
The goblin hits you with a +0 dagger.
Robin says, "Feeling lonely?"
Robin closely misses you. Ijyb closely misses you.
You claw Ijyb!
Ijyb is moderately wounded.
The goblin hits you with a +0 dagger. You block the hobgoblin's attack.
You block Robin's attack. Ijyb hits you but does no damage.
You closely miss Ijyb.
Ijyb is moderately wounded.
You block the hobgoblin's attack. The goblin hits you but does no damage.
Robin hits you from afar with a +2 spear of freezing.
Robin freezes you. Ijyb hits you but does no damage.
The hobgoblin hits you but does no damage.
Ijyb barely misses you. You block Robin's attack.
The goblin hits you with a +0 dagger.
You scratch Ijyb but do no damage.
Ijyb is moderately wounded.
Robin hits you from afar with a +2 spear of freezing.
Robin freezes you. You block the hobgoblin's attack.
The goblin hits you with a +0 dagger. Ijyb hits you but does no damage.
You closely miss Ijyb.
Ijyb is moderately wounded.
The hobgoblin barely misses you. The goblin hits you but does no damage.
Robin hits you from afar with a +2 spear of freezing.
Robin freezes you. Ijyb barely misses you.
You scratch Ijyb.
Ijyb is moderately wounded.
The goblin no longer looks unusually strong.
Robin hits you from afar with a +2 spear of freezing.
Robin freezes you.
The hobgoblin hits you but does no damage.
You block the goblin's attack. Ijyb hits you with a +0 club!
You closely miss Ijyb.
Ijyb is moderately wounded.
Robin barely misses you. Ijyb hits you with a +0 club.
The goblin hits you but does no damage. You block the hobgoblin's attack.
You closely miss Ijyb.
Ijyb is moderately wounded.
The hobgoblin no longer looks unusually strong.
Robin barely misses you. You block the goblin's attack.
The hobgoblin closely misses you. Ijyb hits you with a +0 club.
* * * LOW HITPOINT WARNING * * *
You closely miss Ijyb.
Ijyb is moderately wounded.
The hobgoblin hits you.
* * * LOW HITPOINT WARNING * * *
The goblin hits you with a +0 dagger.
* * * LOW HITPOINT WARNING * * *
Robin barely misses you. You block Ijyb's attack.
You feel very mighty all of a sudden.
Robin hits you from afar with a +2 spear of freezing.
* * * LOW HITPOINT WARNING * * *
Robin freezes you.
* * * LOW HITPOINT WARNING * * *
The hobgoblin hits you.
* * * LOW HITPOINT WARNING * * *
The goblin completely misses you. Ijyb barely misses you.
You claw Ijyb!
Ijyb is severely wounded.
Ijyb no longer looks unusually strong.
The hobgoblin no longer looks unusually strong.
The hobgoblin barely misses you. The goblin hits you with a +0 dagger.
* * * LOW HITPOINT WARNING * * *
Robin hits you from afar with a +2 spear of freezing.
* * * LOW HITPOINT WARNING * * *
Robin freezes you.
* * * LOW HITPOINT WARNING * * *
Ijyb hits you with a +0 club.
You die... #........ #....... ....... #..... #.... .gg

.# #g###.$#
#@g...# #g#####
#.# #.# #.# #.#
#.##### #.#...#
#########.#.#.#


You could see Ijyb, Robin, 2 hobgoblins and a goblin.

Vanquished Creatures
  A hound (D:4)
  An orc priest (D:3)
  An iguana (D:4)
  3 adders
  3 gnolls (D:2)
  3 dart slugs
  2 orcs (D:3)
  7 ball pythons
  2 bats (D:1)
  5 endoplasms
  6 giant cockroaches
  7 goblins
  9 hobgoblins
  2 quokkas (D:1)
  3 frilled lizards
  7 kobolds
  5 rats
67 creatures vanquished.

Notes
Turn   | Place    | Note
-------+----------+-------------------------------------------
     0 | D:1      | GloriousHammer the Troll Fighter began the quest for the
                  | Orb.
     0 | D:1      | Reached XP level 1. HP: 22/22 MP: 0/0
   185 | D:1      | Reached XP level 2. HP: 29/29 MP: 1/1
   669 | D:1      | Reached XP level 3. HP: 36/36 MP: 2/2
   800 | D:2      | Reached skill level 3 in Unarmed Combat
   870 | D:2      | Found Qefishro's Jewellery Boutique.
   974 | D:2      | Found Koile's Armour Boutique.
  1092 | D:2      | Reached XP level 4. HP: 41/44 MP: 3/3
  1129 | D:2      | Found Ystrusaah's Weapon Shop.
  1142 | D:2      | Found Niplo's General Store.
  1492 | D:3      | Reached XP level 5. HP: 26/53 MP: 4/4
  1495 | D:3      | Reached skill level 4 in Unarmed Combat
  2244 | D:4      | Noticed Robin
  2244 | D:4      | Noticed Ijyb
  2262 | D:4      | Slain by Ijyb

Illustrated notes

Levels and vault maps discovered:
D:1:      dpeg_arrival_lava_altar, layout_loops_corners, minmay_close_crescents
D:2:      layout_rooms, serial_shops, nicolae_shop_stone,
          nicolae_shop_statue_plus, nicolae_shop_hallway_plus, shop_statue,
          serial_rivers, chequers_serial_rivers_micro_a,
          chequers_serial_rivers_micro_d, chequers_serial_rivers_large_a,
          chequers_serial_rivers_micro_c
D:3:      layout_basic
D:4:      layout_basic, worldfamousw_hep_ancestral_shrine, serial_forest,
          infiniplex_forest_lined_corner, infiniplex_forest_lined_room_2,
          infiniplex_forest_lined_4_way, infiniplex_forest_lined_corner,
          infiniplex_forest_end_1, infiniplex_forest_lined_1,
          infiniplex_forest_pool, nicolae_goblin_pals, uniq_robin

Skill      XL: |  1  2  3  4  5 |
---------------+----------------+-----
Shields        | 3 |  3.6
Unarmed Combat | 3 4 |  4.4
Fighting       | 3 |  3.3
Dodging        | |  2.4

Action                     |  1- 3 |  4- 6 || total
---------------------------+-------+-------++-------
  Melee: Unarmed           |   126 |    89 ||   215
  Throw: Stone             |     5 |       ||     5
    Use: Potion            |       |     1 ||     1
   Stab: Sleeping          |     1 |       ||     1
 Armour: Robe              |    48 |    32 ||    80
  Dodge: Dodged            |    41 |    38 ||    79
  Block: Kite shield       |    46 |    50 ||    96

Table legend: (Time is in decaauts)
 A = Elapsed time spent in this place.
 B = Non-inter-level travel time spent in this place.
 C = Inter-level travel time spent in this place.
 D = Time resting spent in this place.
 E = Time spent auto-exploring this place.
 F = Levels seen in this place.
 G = Mean time per level.
                   A        B        C        D        E       F      G
               +--------+--------+--------+--------+--------+-----+--------+
         Total |   2277 |   2243 |     34 |      0 |   1727 |   4 |  569.2 |
       Dungeon |   2277 |   2243 |     34 |      0 |   1727 |   4 |  569.2 |
               +--------+--------+--------+--------+--------+-----+--------+

Top non-repeatable levels by time:
     D:1: 790 daAuts
     D:3: 724 daAuts
     D:2: 664 daAuts
     D:4: 98 daAuts
